Workbook

Sheet 法適用_水道事業
B2: 経営比較分析表
B6: =データ!H6 -> 山形県 西川町
B7: 業務名 | J7: 業種名 | R7: 事業名 | Z7: 類似団体区分 | AI7: 人口（人） | AQ7: 面積(km2) | AY7: 人口密度(人/km2) | BL7: グラフ凡例
B8: =データ!I6 -> 法適用 | J8: =データ!J6 -> 水道事業 | R8: =データ!K6 -> 末端給水事業 | Z8: =データ!L6 -> A8 | AI8: =データ!Q6 -> 5831 | AQ8: =データ!R6 -> 393.19 | AY8: =データ!S6 -> 14.83 | BL8: ■ | BN8: 当該団体値（当該値）
B9: 資金不足比率(％) | J9: 自己資本構成比率(％) | R9: 普及率(％) | Z9: 1か月20ｍ3当たり家庭料金(円) | AI9: 現在給水人口(人) | AQ9: 給水区域面積(km2) | AY9: 給水人口密度(人/km2) | BL9: － | BN9: 類似団体平均値（平均値）
B10: =データ!M6 -> - | J10: =データ!N6 -> 68.1 | R10: =データ!O6 -> 87.12 | Z10: =データ!P6 -> 4190 | AI10: =データ!T6 -> 5040 | AQ10: =データ!U6 -> 8.4 | AY10: =データ!V6 -> 600 | BL10: 【】 | BN10: 平成27年度全国平均
BL11: 分析欄
B14: 1. 経営の健全性・効率性 | BL14: 1. 経営の健全性・効率性について
BL16: 単年度収支は黒字であるものの、少子高齢化による人口減や企業の節水等により、年々給水収益が減少している。 「企業債残高対給水収益比率」が類似団体と比較して高く、設備の更新を企業債に依存しているため、その償還が多額になっており経営を圧迫している。 給水原価が類似団体と比較して、年々高くなっており、維持管理費の削減等経営改善が必要である。 また、水道設備の老朽化による漏水の件数が年々増加傾向にあり、有収率が減少している要因となっている。
C34: 「経常損益」 | R34: 「累積欠損」 | AG34: 「支払能力」 | AV34: 「債務残高」
BL45: 2. 老朽化の状況について
BL47: 法定耐用年数を超えた管路の割合が上昇し、漏水の原因になっている。類似団体と比較して、その割合は小さいが、計画的な管路更新の必要性が高い。早急な検討が必要となっている。
C56: 「料金水準の適切性」 | R56: 「費用の効率性」 | AG56: 「施設の効率性」 | AV56: 「供給した配水量の効率性」
B60: 2. 老朽化の状況
BL64: 全体総括
BL66: 平成２９年度に簡易水道との統合を予定しているため、料金の改定を視野に入れながら、更なる費用削減や設備投資のための財源確保等、財政計画や投資計画を見直し、早急に経営改善を図っていく必要がある。
C79: 「施設全体の減価償却の状況」 | W79: 「管路の経年化の状況」 | AQ79: 「管路の更新投資の実施状況」
C83: ※ 平成23年度から平成25年度における各指標の類似団体平均値は、当時の事業数を基に算出していますが、管路経年化率及び管路更新率については、平成26年度の事業数を基に類似団体平均値を算出しています。

Sheet データ
A1: 水道事業(法適用) | W1: 1 | X1: 1 | Y1: 1 | Z1: 1 | AA1: 1 | AB1: 1 | AC1: 1 | AD1: 1 | AE1: 1 | AF1: 1 | AH1: 1 | AI1: 1 | AJ1: 1 | AK1: 1 | AL1: 1 | AM1: 1 | AN1: 1 | AO1: 1 | AP1: 1 | AQ1: 1 | AS1: 1 | AT1: 1 | AU1: 1 | AV1: 1 | AW1: 1 | AX1: 1 | AY1: 1 | AZ1: 1 | BA1: 1 | BB1: 1 | BD1: 1 | BE1: 1 | BF1: 1 | BG1: 1 | BH1: 1 | BI1: 1 | BJ1: 1 | BK1: 1 | BL1: 1 | BM1: 1 | BO1: 1 | BP1: 1 | BQ1: 1 | BR1: 1 | BS1: 1 | BT1: 1 | BU1: 1 | BV1: 1 | BW1: 1 | BX1: 1 | BZ1: 1 | CA1: 1 | CB1: 1 | CC1: 1 | CD1: 1 | CE1: 1 | CF1: 1 | CG1: 1 | CH1: 1 | CI1: 1 | CK1: 1 | CL1: 1 | CM1: 1 | CN1: 1 | CO1: 1 | CP1: 1 | CQ1: 1 | CR1: 1 | CS1: 1 | CT1: 1 | CV1: 1 | CW1: 1 | CX1: 1 | CY1: 1 | CZ1: 1 | DA1: 1 | DB1: 1 | DC1: 1 | DD1: 1 | DE1: 1 | DG1: 1 | DH1: 1 | DI1: 1 | DJ1: 1 | DK1: 1 | DL1: 1 | DM1: 1 | DN1: 1 | DO1: 1 | DP1: 1 | DR1: 1 | DS1: 1 | DT1: 1 | DU1: 1 | DV1: 1 | DW1: 1 | DX1: 1 | DY1: 1 | DZ1: 1 | EA1: 1 | EC1: 1 | ED1: 1 | EE1: 1 | EF1: 1 | EG1: 1 | EH1: 1 | EI1: 1 | EJ1: 1 | EK1: 1 | EL1: 1
A2: 項番 | B2: =COLUMN()-1 -> 1 | C2: =COLUMN()-1 -> 2 | D2: =COLUMN()-1 -> 3 | E2: =COLUMN()-1 -> 4 | F2: =COLUMN()-1 -> 5 | G2: =COLUMN()-1 -> 6 | H2: =COLUMN()-1 -> 7 | I2: =COLUMN()-1 -> 8 | ... EM2: =COLUMN()-1 -> 142
A3: 大項目 | B3: 年度 | C3: 団体CD | D3: 業務CD | E3: 業種CD | F3: 事業CD | G3: 施設CD | H3: 基本情報 | W3: 1. 経営の健全性・効率性 | DG3: 2. 老朽化の状況
A4: 中項目 | W4: ①経常収支比率(％) | AH4: ②累積欠損金比率(％) | AS4: ③流動比率(％) | BD4: ④企業債残高対給水収益比率(％) | BO4: ⑤料金回収率(％) | BZ4: ⑥給水原価(円) | CK4: ⑦施設利用率(％) | CV4: ⑧有収率(％) | DG4: ①有形固定資産減価償却率(％) | DR4: ②管路経年化率(％) | EC4: ③管路更新率(％)
A5: 小項目 | H5: 都道府県名 | I5: 法適・法非適 | J5: 業種名称 | K5: 事業名称 | L5: 類似団体 | M5: 資金不足比率 | N5: 自己資本構成比率 | O5: 普及率 | P5: 1ヶ月20㎥当たり家庭料金 | Q5: 人口 | R5: 面積 | S5: 人口密度 | T5: 給水人口 | U5: 給水区域面積 | V5: 給水人口密度 | W5: 比率(N-4) | X5: 比率(N-3) | Y5: 比率(N-2) | Z5: 比率(N-1) | AA5: 比率(N) | AB5: 類似団体平均(N-4) | AC5: 類似団体平均(N-3) | AD5: 類似団体平均(N-2) | AE5: 類似団体平均(N-1) | AF5: 類似団体平均(N) | AG5: 全国平均 | AH5: 比率(N-4) | AI5: 比率(N-3) | AJ5: 比率(N-2) | AK5: 比率(N-1) | AL5: 比率(N) | AM5: 類似団体平均(N-4) | AN5: 類似団体平均(N-3) | AO5: 類似団体平均(N-2) | AP5: 類似団体平均(N-1) | AQ5: 類似団体平均(N) | AR5: 全国平均 | AS5: 比率(N-4) | AT5: 比率(N-3) | AU5: 比率(N-2) | AV5: 比率(N-1) | AW5: 比率(N) | AX5: 類似団体平均(N-4) | AY5: 類似団体平均(N-3) | AZ5: 類似団体平均(N-2) | BA5: 類似団体平均(N-1) | BB5: 類似団体平均(N) | BC5: 全国平均 | BD5: 比率(N-4) | BE5: 比率(N-3) | BF5: 比率(N-2) | BG5: 比率(N-1) | BH5: 比率(N) | BI5: 類似団体平均(N-4) | BJ5: 類似団体平均(N-3) | BK5: 類似団体平均(N-2) | BL5: 類似団体平均(N-1) | BM5: 類似団体平均(N) | BN5: 全国平均 | BO5: 比率(N-4) | BP5: 比率(N-3) | BQ5: 比率(N-2) | BR5: 比率(N-1) | BS5: 比率(N) | BT5: 類似団体平均(N-4) | BU5: 類似団体平均(N-3) | BV5: 類似団体平均(N-2) | BW5: 類似団体平均(N-1) | BX5: 類似団体平均(N) | BY5: 全国平均 | BZ5: 比率(N-4) | CA5: 比率(N-3) | CB5: 比率(N-2) | CC5: 比率(N-1) | CD5: 比率(N) | CE5: 類似団体平均(N-4) | CF5: 類似団体平均(N-3) | CG5: 類似団体平均(N-2) | CH5: 類似団体平均(N-1) | CI5: 類似団体平均(N) | CJ5: 全国平均 | CK5: 比率(N-4) | CL5: 比率(N-3) | CM5: 比率(N-2) | CN5: 比率(N-1) | CO5: 比率(N) | CP5: 類似団体平均(N-4) | CQ5: 類似団体平均(N-3) | CR5: 類似団体平均(N-2) | CS5: 類似団体平均(N-1) | CT5: 類似団体平均(N) | CU5: 全国平均 | CV5: 比率(N-4) | CW5: 比率(N-3) | CX5: 比率(N-2) | CY5: 比率(N-1) | CZ5: 比率(N) | DA5: 類似団体平均(N-4) | DB5: 類似団体平均(N-3) | DC5: 類似団体平均(N-2) | DD5: 類似団体平均(N-1) | DE5: 類似団体平均(N) | DF5: 全国平均 | DG5: 比率(N-4) | DH5: 比率(N-3) | DI5: 比率(N-2) | DJ5: 比率(N-1) | DK5: 比率(N) | DL5: 類似団体平均(N-4) | DM5: 類似団体平均(N-3) | DN5: 類似団体平均(N-2) | DO5: 類似団体平均(N-1) | DP5: 類似団体平均(N) | DQ5: 全国平均 | DR5: 比率(N-4) | DS5: 比率(N-3) | DT5: 比率(N-2) | DU5: 比率(N-1) | DV5: 比率(N) | DW5: 類似団体平均(N-4) | DX5: 類似団体平均(N-3) | DY5: 類似団体平均(N-2) | DZ5: 類似団体平均(N-1) | EA5: 類似団体平均(N) | EB5: 全国平均 | EC5: 比率(N-4) | ED5: 比率(N-3) | EE5: 比率(N-2) | EF5: 比率(N-1) | EG5: 比率(N) | EH5: 類似団体平均(N-4) | EI5: 類似団体平均(N-3) | EJ5: 類似団体平均(N-2) | EK5: 類似団体平均(N-1) | EL5: 類似団体平均(N) | EM5: 全国平均
A6: 参照用 | B6: =B7 -> 2015 | C6: =C7 -> 63223 | D6: =D7 -> 46 | E6: =E7 -> 1 | F6: =F7 -> 0 | G6: =G7 -> 1 | H6: =H7 -> 山形県 西川町 | I6: =I7 -> 法適用 | ... V6: =V7 -> 600 | W6: =IF(W7="",NA(),W7) -> 108.68 | X6: =IF(X7="",NA(),X7) -> 107.88 | Y6: =IF(Y7="",NA(),Y7) -> 106.61 | Z6: =IF(Z7="",NA(),Z7) -> 104.7 | AA6: =IF(AA7="",NA(),AA7) -> 101.45 | AB6: =IF(AB7="",NA(),AB7) -> 104.82 | AC6: =IF(AC7="",NA(),AC7) -> 104.95 | AD6: =IF(AD7="",NA(),AD7) -> 105.53 | ... AF6: =IF(AF7="",NA(),AF7) -> 106.62 | AG6: =IF(AG7="","",IF(AG7="-","【-】","【"&SUBSTITUTE(TEXT(AG7,"#,##0.00"),"-","△")&"】")) -> 【113.56】 | AH6: =IF(AH7="",NA(),AH7) -> 0 | AI6: =IF(AI7="",NA(),AI7) -> 0 | AJ6: =IF(AJ7="",NA(),AJ7) -> 0 | AK6: =IF(AK7="",NA(),AK7) -> 0 | AL6: =IF(AL7="",NA(),AL7) -> 0 | AM6: =IF(AM7="",NA(),AM7) -> 26.83 | AN6: =IF(AN7="",NA(),AN7) -> 26.81 | AO6: =IF(AO7="",NA(),AO7) -> 28.31 | ... AQ6: =IF(AQ7="",NA(),AQ7) -> 12.59 | AR6: =IF(AR7="","",IF(AR7="-","【-】","【"&SUBSTITUTE(TEXT(AR7,"#,##0.00"),"-","△")&"】")) -> 【0.87】 | AS6: =IF(AS7="",NA(),AS7) -> 187.84 | AT6: =IF(AT7="",NA(),AT7) -> 194.18 | AU6: =IF(AU7="",NA(),AU7) -> 2171.96 | AV6: =IF(AV7="",NA(),AV7) -> 425.39 | AW6: =IF(AW7="",NA(),AW7) -> 370.39 | AX6: =IF(AX7="",NA(),AX7) -> 1197.11 | AY6: =IF(AY7="",NA(),AY7) -> 1002.64 | AZ6: =IF(AZ7="",NA(),AZ7) -> 1164.51 | ... BB6: =IF(BB7="",NA(),BB7) -> 416.14 | BC6: =IF(BC7="","",IF(BC7="-","【-】","【"&SUBSTITUTE(TEXT(BC7,"#,##0.00"),"-","△")&"】")) -> 【262.74】 | BD6: =IF(BD7="",NA(),BD7) -> 532.05 | BE6: =IF(BE7="",NA(),BE7) -> 575.74 | BF6: =IF(BF7="",NA(),BF7) -> 565.96 | BG6: =IF(BG7="",NA(),BG7) -> 536.77 | BH6: =IF(BH7="",NA(),BH7) -> 543.27 | BI6: =IF(BI7="",NA(),BI7) -> 532.3 | BJ6: =IF(BJ7="",NA(),BJ7) -> 520.3 | BK6: =IF(BK7="",NA(),BK7) -> 498.27 | ... BM6: =IF(BM7="",NA(),BM7) -> 487.22 | BN6: =IF(BN7="","",IF(BN7="-","【-】","【"&SUBSTITUTE(TEXT(BN7,"#,##0.00"),"-","△")&"】")) -> 【276.38】 | BO6: =IF(BO7="",NA(),BO7) -> 105.58 | BP6: =IF(BP7="",NA(),BP7) -> 105.06 | BQ6: =IF(BQ7="",NA(),BQ7) -> 104.1 | BR6: =IF(BR7="",NA(),BR7) -> 102.16 | BS6: =IF(BS7="",NA(),BS7) -> 99.08 | BT6: =IF(BT7="",NA(),BT7) -> 90.17 | BU6: =IF(BU7="",NA(),BU7) -> 90.69 | BV6: =IF(BV7="",NA(),BV7) -> 90.64 | ... BX6: =IF(BX7="",NA(),BX7) -> 92.76 | BY6: =IF(BY7="","",IF(BY7="-","【-】","【"&SUBSTITUTE(TEXT(BY7,"#,##0.00"),"-","△")&"】")) -> 【104.99】 | BZ6: =IF(BZ7="",NA(),BZ7) -> 198.94 | CA6: =IF(CA7="",NA(),CA7) -> 200.31 | CB6: =IF(CB7="",NA(),CB7) -> 202.95 | CC6: =IF(CC7="",NA(),CC7) -> 208.98 | CD6: =IF(CD7="",NA(),CD7) -> 212.8 | CE6: =IF(CE7="",NA(),CE7) -> 210.28 | CF6: =IF(CF7="",NA(),CF7) -> 211.08 | CG6: =IF(CG7="",NA(),CG7) -> 213.52 | ... CI6: =IF(CI7="",NA(),CI7) -> 208.67 | CJ6: =IF(CJ7="","",IF(CJ7="-","【-】","【"&SUBSTITUTE(TEXT(CJ7,"#,##0.00"),"-","△")&"】")) -> 【163.72】 | CK6: =IF(CK7="",NA(),CK7) -> 74.61 | CL6: =IF(CL7="",NA(),CL7) -> 74.32 | CM6: =IF(CM7="",NA(),CM7) -> 73.99 | CN6: =IF(CN7="",NA(),CN7) -> 84.27 | CO6: =IF(CO7="",NA(),CO7) -> 85.3 | CP6: =IF(CP7="",NA(),CP7) -> 50.49 | CQ6: =IF(CQ7="",NA(),CQ7) -> 49.69 | CR6: =IF(CR7="",NA(),CR7) -> 49.77 | ... CT6: =IF(CT7="",NA(),CT7) -> 49.08 | CU6: =IF(CU7="","",IF(CU7="-","【-】","【"&SUBSTITUTE(TEXT(CU7,"#,##0.00"),"-","△")&"】")) -> 【59.76】 | CV6: =IF(CV7="",NA(),CV7) -> 72.35 | CW6: =IF(CW7="",NA(),CW7) -> 73.08 | CX6: =IF(CX7="",NA(),CX7) -> 71.06 | CY6: =IF(CY7="",NA(),CY7) -> 68.82 | CZ6: =IF(CZ7="",NA(),CZ7) -> 66.46 | DA6: =IF(DA7="",NA(),DA7) -> 78.7 | DB6: =IF(DB7="",NA(),DB7) -> 80.01 | DC6: =IF(DC7="",NA(),DC7) -> 79.98 | ... DE6: =IF(DE7="",NA(),DE7) -> 79.3 | DF6: =IF(DF7="","",IF(DF7="-","【-】","【"&SUBSTITUTE(TEXT(DF7,"#,##0.00"),"-","△")&"】")) -> 【89.95】 | DG6: =IF(DG7="",NA(),DG7) -> 36.65 | DH6: =IF(DH7="",NA(),DH7) -> 29.32 | DI6: =IF(DI7="",NA(),DI7) -> 30.64 | DJ6: =IF(DJ7="",NA(),DJ7) -> 39.2 | DK6: =IF(DK7="",NA(),DK7) -> 41.02 | DL6: =IF(DL7="",NA(),DL7) -> 34.24 | DM6: =IF(DM7="",NA(),DM7) -> 35.18 | DN6: =IF(DN7="",NA(),DN7) -> 36.43 | ... DP6: =IF(DP7="",NA(),DP7) -> 47.44 | DQ6: =IF(DQ7="","",IF(DQ7="-","【-】","【"&SUBSTITUTE(TEXT(DQ7,"#,##0.00"),"-","△")&"】")) -> 【47.18】 | DR6: =IF(DR7="",NA(),DR7) -> 9.58 | DS6: =IF(DS7="",NA(),DS7) -> 9.76 | DT6: =IF(DT7="",NA(),DT7) -> 9.68 | DU6: =IF(DU7="",NA(),DU7) -> 9.69 | DV6: =IF(DV7="",NA(),DV7) -> 9.26 | DW6: =IF(DW7="",NA(),DW7) -> 6.81 | DX6: =IF(DX7="",NA(),DX7) -> 8.41 | DY6: =IF(DY7="",NA(),DY7) -> 8.72 | ... EA6: =IF(EA7="",NA(),EA7) -> 11.16 | EB6: =IF(EB7="","",IF(EB7="-","【-】","【"&SUBSTITUTE(TEXT(EB7,"#,##0.00"),"-","△")&"】")) -> 【13.18】 | EC6: =IF(EC7="",NA(),EC7) -> 0.73 | ED6: =IF(ED7="",NA(),ED7) -> 0 | EE6: =IF(EE7="",NA(),EE7) -> 0.08 | EF6: =IF(EF7="",NA(),EF7) -> 0 | EG6: =IF(EG7="",NA(),EG7) -> 0.16 | EH6: =IF(EH7="",NA(),EH7) -> 0.82 | EI6: =IF(EI7="",NA(),EI7) -> 0.66 | EJ6: =IF(EJ7="",NA(),EJ7) -> 0.64 | ... EL6: =IF(EL7="",NA(),EL7) -> 0.65 | EM6: =IF(EM7="","",IF(EM7="-","【-】","【"&SUBSTITUTE(TEXT(EM7,"#,##0.00"),"-","△")&"】")) -> 【0.85】
B7: 2015 | C7: 63223 | D7: 46 | E7: 1 | F7: 0 | G7: 1 | H7: 山形県 西川町 | I7: 法適用 | J7: 水道事業 | K7: 末端給水事業 | L7: A8 | M7: - | N7: 68.1 | O7: 87.12 | P7: 4190 | Q7: 5831 | R7: 393.19 | S7: 14.83 | T7: 5040 | U7: 8.4 | V7: 600 | W7: 108.68 | X7: 107.88 | Y7: 106.61 | Z7: 104.7 | AA7: 101.45 | AB7: 104.82 | AC7: 104.95 | AD7: 105.53 | AE7: 107.2 | AF7: 106.62 | AG7: 113.56 | AH7: 0 | AI7: 0 | AJ7: 0 | AK7: 0 | AL7: 0 | AM7: 26.83 | AN7: 26.81 | AO7: 28.31 | AP7: 13.46 | AQ7: 12.59 | AR7: 0.87 | AS7: 187.84 | AT7: 194.18 | AU7: 2171.96 | AV7: 425.39 | AW7: 370.39 | AX7: 1197.11 | AY7: 1002.64 | AZ7: 1164.51 | BA7: 434.72 | BB7: 416.14 | BC7: 262.74 | BD7: 532.05 | BE7: 575.74 | BF7: 565.96 | BG7: 536.77 | BH7: 543.27 | BI7: 532.3 | BJ7: 520.3 | BK7: 498.27 | BL7: 495.76 | BM7: 487.22 | BN7: 276.38 | BO7: 105.58 | BP7: 105.06 | BQ7: 104.1 | BR7: 102.16 | BS7: 99.08 | BT7: 90.17 | BU7: 90.69 | BV7: 90.64 | BW7: 93.66 | BX7: 92.76 | BY7: 104.99 | BZ7: 198.94 | CA7: 200.31 | CB7: 202.95 | CC7: 208.98 | CD7: 212.8 | CE7: 210.28 | CF7: 211.08 | CG7: 213.52 | CH7: 208.21 | CI7: 208.67 | CJ7: 163.72 | CK7: 74.61 | CL7: 74.32 | CM7: 73.99 | CN7: 84.27 | CO7: 85.3 | CP7: 50.49 | CQ7: 49.69 | CR7: 49.77 | CS7: 49.22 | CT7: 49.08 | CU7: 59.76 | CV7: 72.35 | CW7: 73.08 | CX7: 71.06 | CY7: 68.82 | CZ7: 66.46 | DA7: 78.7 | DB7: 80.01 | DC7: 79.98 | DD7: 79.48 | DE7: 79.3 | DF7: 89.95 | DG7: 36.65 | DH7: 29.32 | DI7: 30.64 | DJ7: 39.2 | DK7: 41.02 | DL7: 34.24 | DM7: 35.18 | DN7: 36.43 | DO7: 46.12 | DP7: 47.44 | DQ7: 47.18 | DR7: 9.58 | DS7: 9.76 | DT7: 9.68 | DU7: 9.69 | DV7: 9.26 | DW7: 6.81 | DX7: 8.41 | DY7: 8.72 | DZ7: 9.86 | EA7: 11.16 | EB7: 13.18 | EC7: 0.73 | ED7: 0 | EE7: 0.08 | EF7: 0 | EG7: 0.16 | EH7: 0.82 | EI7: 0.66 | EJ7: 0.64 | EK7: 0.56 | EL7: 0.65 | EM7: 0.85
B9: Ｎ－４年度 | C9: Ｎ－３年度 | D9: Ｎ－２年度 | E9: Ｎ－１年度 | F9: Ｎ年度
A10: 年度 | B10: =DATEVALUE($B$6-4&"年1月1日") -> 40544 | C10: =DATEVALUE($B$6-3&"年1月1日") -> 40909 | D10: =DATEVALUE($B$6-2&"年1月1日") -> 41275 | E10: =DATEVALUE($B$6-1&"年1月1日") -> 41640 | F10: =DATEVALUE($B$6&"年1月1日") -> 42005
